 Dungeon Crawl Stone Soup version 0.25.1-2-g60ff931df9 (webtiles) character file.

Game seed: 2412551333186315921

394 Delamore the Cudgeler (level 6, 0/37 HPs)
             Began as a Gargoyle Fighter on Aug 25, 2020.
             Slain by an ogre
             ... wielding a +0 giant club
              (23 damage)
             ... on level 4 of the Dungeon.
             The game lasted 00:03:31 (4720 turns).

Delamore the Cudgeler (Gargoyle Fighter)            Turns: 4720, Time: 00:03:32

Health: 0/37       AC: 14    Str: 21    XL:     6   Next: 82%
Magic:  6/6        EV:  5    Int:  9    God:
Gold:   254        SH:  8    Dex:  4    Spells: 5/5 levels left

rFire    . . .     SeeInvis .   A - +10 spear "Lisug" {freeze, rPois rN+ Dex-5}
rCold    . . .     Gourm    .   c - +0 kite shield
rNeg     + + .     Faith    .   n - +0 chain mail
rPois    ∞         Spirit   .   (no helmet)
rElec    +         Reflect  .   (no cloak)
rCorr    .         Harm     .   g - +0 pair of gloves
MR       .....                  (no boots)
Stlth    ..........             (no amulet)
HPRegen  0.12/turn              (no ring)
MPRegen  0.10/turn              (no ring)

@: no status effects
A: negative energy resistance 1, electricity resistance, unbreathing,
petrification resistance, rot immunity, AC +4
a: no special abilities


You were on level 4 of the Dungeon.
You were not hungry.

You visited 1 branch of the dungeon, and saw 4 of its levels.
You also visited: Sewer.

You collected 254 gold pieces.

Inventory:

Hand Weapons
 a - a +0 flail
 A - the +10 spear "Lisug" (weapon) {freeze, rPois rN+ Dex-5}
   (You found it on level 4 of the Dungeon)

   It has been specially enchanted to freeze those struck by it, causing extra
   injury to most foes and up to half again as much damage against particularly
   susceptible opponents.
   It can also slow down cold-blooded creatures.
   It affects your dexterity (-5).
   It protects you from poison.
   It protects you from negative energy.
Missiles
 t - 5 poisoned darts (quivered)
Armour
 b - a +0 scale mail
 c - a +0 kite shield (worn)
 g - a +0 pair of gloves (worn)
 n - a +0 chain mail (worn)
Scrolls
 e - 4 scrolls of teleportation {unknown}
 i - a scroll of immolation {unknown}
 j - 2 scrolls of blinking {unknown}
 k - 3 scrolls of remove curse {unknown}
 l - a scroll of enchant weapon {unknown}
 m - 3 scrolls of identify {unknown}
 r - a scroll of enchant armour {unknown}
 s - a scroll of random uselessness {unknown}
 u - 2 scrolls of fog {unknown}
 y - a scroll of amnesia {unknown}
Potions
 d - 3 potions of might
 h - 2 potions of degeneration {unknown}
 o - 2 potions of ambrosia {unknown}
 p - a potion of curing {unknown}
 q - a potion of haste {unknown}
 v - a potion of stabbing {unknown}
 w - 4 potions of flight
 x - a potion of berserk rage {unknown}
 B - a potion of cancellation {unknown}
Comestibles
 f - 11 rations
 z - 4 chunks of flesh


   Skills:
 - Level 3.2 Fighting
 + Level 7.1 Maces & Flails
 - Level 3.2 Armour
 - Level 3.2 Shields


You had 5 spell levels left.
You didn't know any spells.
Your spell library was empty.

Dungeon Overview and Level Annotations

Branches:
Dungeon (4/15)              Sewer (visited)
 Temple: D:4-7

Altars:
Cheibriados
Dithmenos
Gozag
Qazlal
Vehumet


Innate Abilities, Weirdness & Mutations

You are resistant to torment.
Your stone body is resilient. (AC +4)
You are immune to poison.
You resist negative energy. (rN+)
You are resistant to electric shocks. (rElec)
You can survive without breathing.
You are immune to petrification.
You are immune to rotting.


Message History

B - a pink potion An ogre comes into view.
It is wielding a +0 giant club.
The ogre shouts!
An ogre is nearby!
Attack whom?
Press: ? - help, Dir - move target cursor, f - ogre
Aim: an ogre, wielding a +0 giant club You reach to attack!
You hit the ogre but do no damage.
Your shield and chain mail prevent you from hitting the ogre.
The ogre hits you with a +0 giant club.
You hit the ogre. You freeze the ogre.
The ogre is lightly wounded.
The ogre hits you with a +0 giant club!
Your chain mail prevents you from hitting the ogre.
The ogre is lightly wounded.
You hit the ogre. You freeze the ogre.
The ogre is heavily wounded.
The ogre hits you with a +0 giant club!!
Ouch! That really hurt!
You die...

#...[#.....###+#....#
#...##.....## #.....
######.....># #.....
#... #......# #..... ##
#... #.....## #..... .#
+... #.....######.... .#
#... #..........#.... .#
####..O##..........#....
.#
.......@...........#....
.#
..............####+#....
.#+##
#####..##+#########
###'# ....###..###
#......# #... ....#....#
#......# #... ....#....#
#......# #... ....#....#
#......# #... ....#....#
#......#########
....#....#
#...............


You could see an ogre.

Vanquished Creatures
  A phantom (D:4)
  An orc priest (D:3)
  An iguana (D:3)
  A worker ant (D:4)
  3 gnolls (D:4)
  5 adders
  6 oozes
  6 worms
  7 leopard geckos
  7 orcs
  A ball python (D:2)
  19 bats
  3 giant cockroaches
  5 goblins
  8 hobgoblins
  12 jackals
  9 kobolds
  2 quokkas (D:3)
  5 frilled lizards
  4 rats
106 creatures vanquished.

Vanquished Creatures (others)
  A plant (D:1)
1 creature vanquished.

Grand Total: 107 creatures vanquished

Notes
Turn   | Place    | Note
-------+----------+-------------------------------------------
     0 | D:1      | Delamore the Gargoyle Fighter began the quest for the Orb.
     0 | D:1      | Reached XP level 1. HP: 14/14 MP: 1/1
    78 | D:1      | Reached XP level 2. HP: 19/19 MP: 2/2
   198 | D:1      | Reached skill level 3 in Maces & Flails
   489 | D:1      | Reached XP level 3. HP: 23/23 MP: 3/3
  1100 | D:2      | Reached skill level 4 in Maces & Flails
  1271 | D:2      | Reached XP level 4. HP: 26/28 MP: 4/4
  1928 | D:3      | Reached skill level 5 in Maces & Flails
  1928 | D:3      | Reached XP level 5. HP: 22/32 MP: 5/5
  2935 | D:4      | Found a glowing drain.
  2957 | Sewer    | Entered a sewer
  3220 | Sewer    | Reached skill level 6 in Maces & Flails
  3450 | Sewer    | Reached XP level 6. HP: 34/37 MP: 6/6
  4043 | D:4      | Noticed a phantom
  4103 | D:4      | Killed a phantom
  4250 | D:4      | Found a stormy altar of Qazlal.
  4397 | D:4      | Found a snail-covered altar of Cheibriados.
  4398 | D:4      | Found an opulent altar of Gozag.
  4398 | D:4      | Found a shadowy altar of Dithmenos.
  4399 | D:4      | Found a radiant altar of Vehumet.
  4556 | D:4      | Reached skill level 7 in Maces & Flails
  4639 | D:4      | Got an ancient spear
  4640 | D:4      | Identified the +10 spear "Lisug" {freeze, rPois rN+ Dex-5}
                  | (You found it on level 4 of the Dungeon)
  4720 | D:4      | Slain by an ogre

Illustrated notes

Levels and vault maps discovered:
D:1:      roderic_crop_circles_arrival_small, layout_loops_ring
D:2:      layout_rooms, hex_large
D:3:      layout_loops_ring
D:4:      layout_gridville, grunt_temple_overflow_open, grunt_qazlal_clouds,
          temple_hall, cheibrodos_sewer_entry_drain

Skill      XL: |  1  2  3  4  5  6 |
---------------+-------------------+-----
Maces & Flails | 3 4 5 6 7 |  7.1
Fighting       | |  3.2
Armour         | |  3.2
Shields        | |  3.2

Action                   |  1- 3 |  4- 6 || total
-------------------------+-------+-------++-------
Melee: Flail             |   173 |   462 ||   635
       Spear             |       |     5 ||     5
  Use: Potion            |       |     1 ||     1
  Eat: Chunk             |     2 |    12 ||    14
Armor: Scale mail        |   113 |    71 ||   184
       Chain mail        |       |   295 ||   295
Dodge: Dodged            |    58 |   155 ||   213
Block: Kite shield       |    95 |   320 ||   415
